 Dungeon Crawl Stone Soup version 0.31-a0-662-g684573625c (webtiles) character file.

Game seed: 16208641709384709125

2464 jlumianski the Chopper (level 9, -4/102 HPs)
             Began as a Demonspawn Fighter on Aug 31, 2023.
             Was a Follower of Qazlal.
             Slain by a +2 spectral quarterstaff (8 damage)
             ... created by Joseph
             ... on level 7 of the Dungeon.
             The game lasted 00:22:42 (6341 turns).

jlumianski the Chopper (Demonspawn Fighter)         Turns: 6341, Time: 00:22:42

Health: -4/102     AC: 17    Str: 23    XL:     9   Next: 26%
Magic:  0/13       EV:  9    Int:  9    God:    Qazlal [*.....]
Gold:   310        SH:  7    Dex: 13    Spells: 8/8 levels left

rFire   . . .        M - +2 war axe
rCold   . . .        c - +0 buckler
rNeg    . . .        q - +0 chain mail
rPois   .            w - +2 helmet
rElec   +            (no cloak)
rCorr   .            v - +0 pair of gloves
SInv    .            (no boots)
Will    .....        K - amulet "Guteulun" {Spirit rElec Str+2} Stlth
                     (no ring)
HPRegen 0.37/turn    (no ring)
MPRegen 0.13/turn

%: guardian spirit
@: berserking, very quick
A: claws 2, slimy green scales 2, demonic guardian 1, sense surroundings 2
a: Renounce Religion


You were on level 7 of the Dungeon.
You worshipped Qazlal.
Qazlal was aware of your devotion.
You visited 2 branches of the dungeon, and saw 8 of its levels.

You collected 310 gold pieces.

Inventory:

Hand Weapons
 a - a +0 war axe
 n - a +3 hand axe
 z - a +3 halberd of venom
 B - a +4 battleaxe of freezing
 F - a +2 dagger of electrocution
 G - a +2 dagger of venom
 M - a +2 war axe (weapon)
Missiles
 o - 18 stones
 J - 5 boomerangs (quivered)
Armour
 b - a +0 scale mail
 c - a +0 buckler (worn)
 q - a +0 chain mail (worn)
 v - a +0 pair of gloves (worn)
 w - a +2 helmet (worn)
Jewellery
 d - a ring of fire
 i - the ring "Poableih" {Fire Dex+9 Stlth-}
   (You found it on level 2 of the Dungeon)

   [ring of fire]

   Fire:      It enhances your fire magic.
   Dex+9:     It affects your dexterity (+9).
   rF+:       It protects you from fire.
   rC-:       It makes you vulnerable to cold.
   Stlth-:    It makes you less stealthy.
 u - an amulet of reflection
 K - the amulet "Guteulun" (around neck) {Spirit rElec Str+2}
   (You found it on level 6 of the Dungeon)

   [amulet of guardian spirit]

   Spirit:    It causes incoming damage to be divided between your reserves of
   health and magic.
   Str+2:     It affects your strength (+2).
   rElec:     It insulates you from electricity.
Talismans
 y - a beast talisman
 A - a flux talisman
Wands
 e - a wand of flame (5)
 f - a wand of light (2)
 h - a wand of paralysis (19)
Scrolls
 j - a scroll of revelation
 k - a scroll of amnesia
 l - a scroll of blinking
 m - a scroll of fog
 p - 2 scrolls of teleportation
 r - a scroll of enchant armour
 C - 2 scrolls of immolation
 I - a scroll of fear {unknown}
Potions
 g - 2 potions of brilliance
 s - 4 potions of curing
 t - a potion of resistance
 x - a potion of enlightenment
 D - a potion of lignification
 H - a potion of haste
 L - a potion of attraction


   Skills:
 + Level 5.2 Fighting
 + Level 7.2 Axes
 + Level 0.1 Throwing
 + Level 5.6 Armour
 + Level 1.6 Dodging
 + Level 5.0 Shields
 * Level 6.0 Invocations
 - Level 0.4 Evocations


You had 8 spell levels left.
You didn't know any spells.
Your spell library contained the following spells:

 Spells                   Type           Power      Damage    Failure   Level
 Magic Dart               Conj           0%         1d3       95%         1
 Ensorcelled Hibernation  Hex/Ice        0%         N/A       99%         2
 Passwall                 Tmut/Erth      0%         N/A       99%         2
 Searing Ray              Conj           0%         2d4       99%         2
 Portal Projectile        Hex/Tloc       0%         N/A       100%        3
 Swiftness                Air            0%         N/A       100%        3
 Tukima's Dance           Hex            0%         N/A       100%        3
 Fulminant Prism          Conj/Hex       0%         3d5       100%        4
 Iskenderun's Mystic Bla  Conj/Tloc      0%         2d3       100%        4


Dungeon Overview and Level Annotations

Branches:
Dungeon (7/15)             Temple (1/1) D:4

Altars:
Ashenzari
Cheibriados
Dithmenos
Fedhas
Gozag
Hepliaklqana
Kikubaaqudgha
Makhleb
Nemelex Xobeh
Okawaru
Qazlal
Sif Muna
Trog
Vehumet
Wu Jian
Xom
Yredelemnul

Annotations:
D:7 Joseph


Innate Abilities, Weirdness & Mutations

You have very sharp fingernails.
You are mostly covered in slimy green scales. (AC +3)
A weak demonic guardian rushes to your aid.
You passively map the area around you.


Message History

The sling bullet hits you!
Joseph shoots a sling bullet.
The sling bullet hits you.
Joseph unwields a +0 sling.
Joseph wields a +2 spectral quarterstaff.
Joseph barely misses you.
You block the +2 spectral quarterstaff's attack.
A +2 spectral quarterstaff comes into view.
You hit Joseph.
Joseph is lightly wounded.
You slash the +2 spectral quarterstaff!
Joseph shares his spectral weapon's damage!
The +2 spectral quarterstaff closely misses you.
The +2 spectral quarterstaff hits you but does no damage.
You block Joseph's attack.
The +2 spectral quarterstaff hits you. x2
You strike the helpless Joseph from behind!
You slash Joseph!
Joseph is heavily wounded.
You miss the +2 spectral quarterstaff.
The +2 spectral quarterstaff hits you! x2
The +2 spectral quarterstaff barely misses you.
Joseph hits you but does no damage.
The +2 spectral quarterstaff closely misses you.
You hit Joseph.
Joseph is heavily wounded.
You hit the +2 spectral quarterstaff.
Joseph shares his spectral weapon's damage!
The +2 spectral quarterstaff closely misses you.
You block the +2 spectral quarterstaff's attack.
The +2 spectral quarterstaff hits you!
* * * LOW HITPOINT WARNING * * *
Joseph hits you with a +2 spectral quarterstaff!
* * * LOW HITPOINT WARNING * * *
A demonic guardian appears!
The +2 spectral quarterstaff hits you.
* * * LOW HITPOINT WARNING * * *
You block the +2 spectral quarterstaff's attack.
Joseph completely misses you. The +2 spectral quarterstaff hits you.
* * * LOW HITPOINT WARNING * * *
A red film seems to cover your vision as you go berserk!
You feel yourself moving faster!
You feel mighty! The +2 spectral quarterstaff hits you!
You die...

*,
#............<.#
* #.
######.##...##.#
* #.
.#######.###.##
.# * #.
.........# #.#
## ##########
#.# , #.##*,* ,
#..# , ##.# *
##### #@# ,
..... #(@..# *
** #5#### ,, #.#
, ,* . #.# *,,*
#. #.# ** , ...
#.# * * ### #..
, , , ** * ,


You could see Joseph (blind), a +2 spectral quarterstaff (ally target) and a
friendly iron imp (summoned).

Vanquished Creatures
  Grinder (D:6)
  Eustachio (D:4)
  Menkaure (D:4)
  Duvessa (D:4)
  A water moccasin (D:6)
  2 black bears (D:5)
  2 ice beasts
  2 centaurs
  A bullfrog (D:7)
  A scorpion (D:7)
  8 wights
  Dowan (D:4)
  2 hounds
  A jelly (D:6)
  2 orc priests
  Ijyb (D:3)
  A gnoll bouda (D:5)
  Jessica (D:3)
  Natasha (D:3)
  5 iguanas
  2 orc wizards
  7 gnolls
  8 adders
  A white imp (D:6)
  2 ufetubi
  A worm (D:2)
  4 dart slugs
  18 orcs
  4 ball pythons
  10 endoplasms
  5 giant cockroaches
  7 goblins
  6 hobgoblins
  7 jackals
  2 quokkas (D:1)
  3 bats
  2 frilled lizards
  7 kobolds
  5 rats
137 creatures vanquished.

Vanquished Creatures (collateral kills)
  2 gnolls
2 creatures vanquished.

Grand Total: 139 creatures vanquished

Notes
Turn   | Place    | Note
-------+----------+-------------------------------------------
     0 | D:1      | jlumianski the Demonspawn Fighter began the quest for the
                  | Orb.
     0 | D:1      | Reached XP level 1. HP: 18/18 MP: 1/1
   150 | D:1      | Reached skill level 2 in Axes
   150 | D:1      | Gained mutation: You are partially covered in slimy green
                  | scales. (AC +2) [demonic ancestry]
   150 | D:1      | Reached XP level 2. HP: 21/24 MP: 2/2
   221 | D:1      | Reached XP level 3. HP: 29/29 MP: 3/3
   272 | D:2      | Identified the ring "Poableih" {Fire Dex+9 Stlth-}
  1053 | D:3      | Noticed Jessica
  1063 | D:3      | Killed Jessica
  1064 | D:3      | Gained mutation: You have sharp fingernails. [demonic
                  | ancestry]
  1064 | D:3      | Reached XP level 4. HP: 19/35 MP: 4/4
  1290 | D:3      | Noticed Ijyb
  1292 | D:3      | Gained mutation: You passively map a small area around you.
                  | [potion of mutation]
  1292 | D:3      | Gained mutation: You passively map the area around you.
                  | [potion of mutation]
  1307 | D:3      | Killed Ijyb
  1308 | D:3      | Reached skill level 3 in Axes
  1578 | D:3      | Found a snail-covered altar of Cheibriados.
  1645 | D:2      | Gained mutation: You have very sharp fingernails. [demonic
                  | ancestry]
  1645 | D:2      | Reached XP level 5. HP: 42/42 MP: 5/5
  1823 | D:3      | Noticed Natasha
  1834 | D:3      | Killed Natasha
  2508 | D:5      | Entered Level 5 of the Dungeon
  2508 | D:5      | Noticed a black bear
  2516 | D:5      | Killed a black bear
  2517 | D:5      | Gained mutation: You are mostly covered in slimy green
                  | scales. (AC +3) [demonic ancestry]
  2517 | D:5      | Reached XP level 6. HP: 48/48 MP: 6/6
  2577 | D:5      | Noticed an ice beast
  2597 | D:4      | Reached skill level 4 in Axes
  2599 | D:4      | Killed an ice beast
  2729 | D:4      | Noticed Menkaure
  2740 | D:4      | Killed Menkaure
  2741 | D:4      | Gained mutation: A weak demonic guardian rushes to your
                  | aid. [demonic ancestry]
  2741 | D:4      | Reached XP level 7. HP: 24/54 MP: 7/7
  2866 | D:4      | Found an opulent altar of Gozag.
  2893 | D:4      | Noticed Dowan
  2893 | D:4      | Noticed Duvessa
  2917 | D:4      | Killed Dowan
  2944 | D:4      | Killed Duvessa
  2945 | D:4      | Reached skill level 5 in Axes
  3151 | D:4      | Found a basalt altar of Yredelemnul.
  3317 | D:4      | Noticed Eustachio
  3333 | D:4      | Killed Eustachio
  3486 | D:4      | Found a staircase to the Ecumenical Temple.
  3501 | Temple   | Entered the Ecumenical Temple
  3520 | Temple   | Became a worshipper of Qazlal Stormbringer
  3622 | D:4      | Reached skill level 1 in Dodging
  3648 | D:4      | Reached skill level 5 in Armour
  3648 | D:4      | Reached skill level 1 in Invocations
  3648 | D:4      | Reached XP level 8. HP: 52/61 MP: 8/8
  4339 | D:5      | Reached skill level 6 in Axes
  4596 | D:5      | Reached * piety under Qazlal
  5406 | D:6      | Found an ancient bone altar of Kikubaaqudgha.
  5505 | D:6      | Identified the amulet "Guteulun" {Spirit rElec Str+2}
  5635 | D:6      | Noticed Grinder
  5648 | D:6      | Killed Grinder
  5649 | D:6      | Reached skill level 5 in Fighting
  5649 | D:6      | Reached skill level 7 in Axes
  5649 | D:6      | Reached XP level 9. HP: 52/68 MP: 9/12
  5826 | D:7      | Found a shimmering blue altar of Sif Muna.
  6112 | D:6      | Reached skill level 5 in Invocations
  6255 | D:7      | Reached skill level 5 in Shields
  6334 | D:7      | Noticed Joseph
  6340 | D:7      | HP: 2/68 [+2 spectral quarterstaff[Joseph] (4)]
  6341 | D:7      | Slain by a +2 spectral quarterstaff

Illustrated notes

Levels and vault maps discovered:
D:1:      wheals_arrival_linesprint, layout_rooms
D:2:      layout_basic
D:3:      minmay_wonky_spiral, layout_loops_ring, cheibriados_altar_1,
          uniq_ijyb, uniq_natasha, uniq_jessica
D:4:      layout_gridville, marbit_many_paths, general_overflow_altar,
          lemuel_doored_altar, minmay_temple_entry_wispy,
          chequers_hall_statues_y, uniq_menkaure, uniq_eustachio, uniq_duvessa
D:5:      layout_basic, ebering_dispersal_statue_hall
D:6:      layout_loops_cross, kiku_gazebo_garden_becter,
          hangedman_abyss_or_decor_stagger, corner_web_ring, grunt_ministairs_7,
          item_on_display_a, uniq_grinder
D:7:      layout_loops_ring, mainiacjoe_overflow_brackets,
          mainiacjoe_overflow_24_doors, uniq_joseph, uniq_crazy_yiuf_cottage
Temple:   nicolae_temple_god_jail

Skill      XL: |  1  2  3  4  5  6  7  8  9 |
---------------+----------------------------+-----
Axes           | 2 3 4 5 7 |  7.2
Shields        | 3 4 5 |  5.0
Armour         | 3 4 5 |  5.6
Fighting       | 4 5 |  5.2
Dodging        | 1 |  1.6
Invocations    | 1 4 6 |  6.0
Throwing       | |  0.1
Evocations     | |  0.4

Action                     |  1- 3 |  4- 6 |  7- 9 || total
---------------------------+-------+-------+-------++-------
  Melee: War axe           |    90 |   150 |   297 ||   537
  Throw: Stone             |       |       |    14 ||    14
         Boomerang         |       |       |     1 ||     1
  Evoke: Wand              |       |     1 |     4 ||     5
    Use: Potion            |     2 |     6 |     4 ||    12
         Scroll            |     1 |     2 |     9 ||    12
   Stab: Paralysed         |       |     4 |       ||     4
         Invisible         |       |       |     4 ||     4
 Armour: Scale mail        |    64 |    34 |       ||    98
         Chain mail        |       |   100 |   260 ||   360
  Dodge: Dodged            |    41 |    54 |   110 ||   205
  Block: Buckler           |    25 |    39 |   186 ||   250
         Reflection        |       |       |     2 ||     2

Table legend: (Time is in decaauts)
 A = Elapsed time spent in this place.
 B = Non-inter-level travel time spent in this place.
 C = Inter-level travel time spent in this place.
 D = Time resting spent in this place.
 E = Time spent auto-exploring this place.
 F = Levels seen in this place.
 G = Mean time per level.
                   A        B        C        D        E       F      G
               +--------+--------+--------+--------+--------+-----+--------+
         Total |   6544 |   6391 |    153 |    557 |   3551 |   8 |  818.0 |
       Dungeon |   6512 |   6359 |    153 |    557 |   3551 |   7 |  930.3 |
        Temple |     32 |     32 |      0 |      0 |      0 |   1 |   32.0 |
               +--------+--------+--------+--------+--------+-----+--------+

Top non-repeatable levels by time:
     D:5: 1363 daAuts
     D:4: 1261 daAuts
     D:6: 1097 daAuts
     D:2: 946 daAuts
     D:3: 935 daAuts
     D:1: 611 daAuts
     D:7: 297 daAuts
  Temple: 32 daAuts
